 Dungeon Crawl Stone Soup version 0.24.0-125-gc4c63601f3 (webtiles) character file.

Game seed: 67686569045144489, levelgen mode: deterministic

37 nightchill the Poker (level 3, -1/30 HPs)
             Began as a Merfolk Abyssal Knight on Feb 21, 2020.
             Was a Believer of Lugonu.
             Slain by Terence
             ... wielding a +0 falchion of slicing
              (8 damage)
             ... on level 2 of the Dungeon.
             The game lasted 00:03:50 (1521 turns).

nightchill the Poker (Merfolk Abyssal Knight)       Turns: 1521, Time: 00:03:50

Health: -1/30      AC:  6    Str: 13    XL:     3   Next: 41%
Magic:  5/5        EV: 11    Int: 11    God:    Lugonu [**....]
Gold:   105        SH:  0    Dex: 13    Spells: 2/2 levels left

rFire    . . .     SeeInvis .   a - +1 spear
rCold    . . .     Gourm    .   (no shield)
rNeg     . . .     Faith    .   f - +0 ring mail
rPois    .         Spirit   .   (no helmet)
rElec    .         Reflect  .   (no cloak)
rCorr    .         Harm     .   i - +0 pair of gloves
MR       .....                  (no boots)
Stlth    +.........             (no amulet)
HPRegen  0.10/turn              (no ring)
MPRegen  0.09/turn              (no ring)

@: hasted, very quick
A: change form in water, swift swim, stealthy swim
a: Depart the Abyss, Bend Space, Renounce Religion


You were on level 2 of the Dungeon.
You worshipped Lugonu.
Lugonu was pleased with you.
You were very hungry.

You visited 1 branch of the dungeon, and saw 2 of its levels.
You visited the Abyss 1 time.

You collected 105 gold pieces.

Inventory:

Hand Weapons
 a - a +1 spear (weapon)
 q - a +0 hunting sling
Missiles
 e - 49 stones (quivered)
 n - 17 sling bullets
Armour
 f - a +0 ring mail (worn)
 i - a +0 pair of gloves (worn)
Jewellery
 h - an uncursed amulet of the acrobat {unknown}
 j - an uncursed ring of protection from fire {unknown}
Scrolls
 b - a scroll of blinking {unknown}
 d - a scroll of magic mapping {unknown}
 g - 2 scrolls of identify {unknown}
 m - a scroll of remove curse {unknown}
 o - a scroll of enchant armour {unknown}
Potions
 k - 2 potions of haste
 l - a potion of curing {unknown}
 p - a potion of flight {unknown}
Comestibles
 c - 3 rations


   Skills:
 + Level 3.9 Fighting
 + Level 3.9 Polearms
 - Level 0.6 Armour
 - Level 2.6 Dodging
 + Level 2.7 Invocations


You had 2 spell levels left.
You didn't know any spells.
Your spell library was empty.

Dungeon Overview and Level Annotations

Branches:
Dungeon (2/15)

Altars:

Annotations:
D:1 exclusion: downstairs
D:2 Terence


Message History

Terence is heavily wounded.
You hit Terence but do no damage.
Terence is heavily wounded.
Terence closely misses you.
You hit Terence.
Terence is severely wounded.
You hit Terence but do no damage.
Terence is severely wounded.
Terence closely misses you.
You closely miss Terence.
Terence is severely wounded.
You hit Terence but do no damage.
Terence is severely wounded.
Terence hits you with a +0 falchion of slicing.
* * * LOW HITPOINT WARNING * * *
x2 You hit Terence but do no damage.
Terence is severely wounded.
Terence shouts, "ATTACK!!!"
Terence hits you with a +0 falchion of slicing!
You die...

#...#.'...... #'#
#...#.#....# #...#
#.........# #...#
#..)......# #...#
#####......# ....#
.....'......##+#####
#....#
######.............#
#....#
#.............#
#...##
#........@....#
#...[..##@#####
.............#######
#.##########........
# ######.########
................
#########.#.#####
........†.# ..
###.#.#...#.# ##


You could see Terence.

Vanquished Creatures
  A worm (D:2)
  A leopard gecko (D:2)
  2 bats
  2 giant cockroaches
  4 goblins
  8 hobgoblins
  7 kobolds
  A frilled lizard (D:2)
  5 rats
31 creatures vanquished.

Notes
Turn   | Place    | Note
-------+----------+-------------------------------------------
     0 | Abyss:1  | nightchill the Merfolk Abyssal Knight began the quest for
                  | the Orb.
     0 | Abyss:1  | Reached XP level 1. HP: 18/18 MP: 2/2
    16 | D:1      | Escaped the Abyss
   214 | D:1      | Reached XP level 2. HP: 24/24 MP: 3/3
  1108 | D:2      | Noticed Terence
  1256 | D:2      | Reached ** piety under Lugonu
  1256 | D:2      | Reached XP level 3. HP: 30/30 MP: 4/4
  1521 | D:2      | Slain by Terence

Levels and vault maps discovered:
D:1:      minmay_arrival_jagged, layout_basic, minmay_pentomino_o2
D:2:      layout_basic, first_ration, hangedman_feature_mirror, uniq_sigmund,
          uniq_terence

Action                   || total
-------------------------++-------
Melee: Spear             ||   148
  Use: Potion            ||     1
  Eat: Chunk             ||     1
Armor: Leather armour    ||     8
       Ring mail         ||    32
Dodge: Dodged            ||    63
